 Dungeon Crawl Stone Soup version 0.20.1-1-g8b1a95d (webtiles) character file.

4812 910rd the Cleaver (level 10, -10/90 HPs)
             Began as a Hill Orc Berserker on July 23, 2017.
             Was an Elder of Trog.
             Mangled by an orc knight
             ... wielding a +0 halberd
              (16 damage)
             ... in a bailey on July 24, 2017.
             The game lasted 00:47:06 (8085 turns).

910rd the Cleaver (Hill Orc Berserker)              Turns: 8085, Time: 00:47:06

Health: -10/90     AC: 17    Str: 23    XL:     10   Next: 48%
Magic:  10/10      EV:  5    Int:  7    God:    Trog [****..]
Gold:   374        SH:  4    Dex: 14    Spells: 9/9 levels left

rFire    . . .     SeeInvis .   a - +2 war axe (freeze)
rCold    . . .     Gourm    .   l - +0 buckler
rNeg     . . .     Faith    .   q - +0 crystal plate armour
rPois    .         Spirit   .   m - +0 helmet
rElec    .         Reflect  .   (no cloak)
rCorr    .         Harm     .   P - +2 pair of gloves
MR       .....                  (no boots)
Stlth    ..........             (no amulet)
Regen    0.3/turn               r - +3 ring of dexterity
MPRegen  0.2/turn               L - +2 ring of slaying

@: berserk cooldown, slowed, very slow
A: deformed body
a: Berserk, Trog's Hand, Brothers in Arms, Burn Spellbooks, Renounce Religion


You were in a bailey.
You worshipped Trog.
Trog was greatly pleased with you.
You were not hungry.

You visited 1 branch of the dungeon, and saw 8 of its levels.
You also visited: Bailey.

You collected 374 gold pieces.

Inventory:

Hand Weapons
 a - a +2 war axe of freezing (weapon)
 b - a +0 shortbow
 h - a +0 hunting sling
 E - a +0 hand axe
 I - a +1 whip of flaming
Missiles
 d - 4 curare-tipped needles
 t - 41 poisoned needles
 G - 46 sling bullets
 H - 12 arrows (quivered)
Armour
 g - a +0 plate armour
 l - a +0 buckler (worn)
 m - a +0 helmet (worn)
 q - a +0 crystal plate armour (worn)
 v - a +2 leather armour of cold resistance
 w - a +2 ring mail of poison resistance
 P - a +2 pair of gloves (worn)
Jewellery
 r - a +3 ring of dexterity (left hand)
 C - the ring "Citesaqelu" {*Slow rC+ MR+ Stlth-}
   (You found it on level 5 of the Dungeon)

   [ring of loudness]

   It protects you from cold.
   It affects your resistance to hostile enchantments.
   It may slow you when you take damage.
   It makes you less stealthy.
 L - a +2 ring of slaying (right hand)
Wands
 F - a wand of iceblast (3/15)
 N - a wand of confusion (30/48)
 O - a wand of random effects (27/48)
Scrolls
 e - 4 scrolls of remove curse
 f - a scroll of magic mapping {unknown}
 j - a scroll of recharging {unknown}
 k - 2 scrolls of amnesia {unknown}
 p - a scroll of identify
 y - a scroll of fog {unknown}
 z - a scroll of fear {unknown}
 Q - a scroll of blinking {unknown}
Potions
 o - a potion of curing
 A - 2 potions of haste {unknown}
 B - 2 potions of resistance {unknown}
 D - a potion of agility {unknown}
 J - a potion of brilliance {unknown}
 K - 2 potions of cancellation {unknown}
 M - a potion of lignification {unknown}
Comestibles
 c - 4 bread rations
 i - 14 chunks of flesh
 n - 5 fruits
 s - 2 meat rations


   Skills:
 + Level 8.8 Fighting
 * Level 12.6 Axes
 - Level 1.5 Slings
 + Level 4.2 Bows
 + Level 8.5 Armour
 - Level 2.1 Dodging
 - Level 0.1 Stealth
 - Level 2.0 Shields


You had 9 spell levels left.
You didn't know any spells.

Dungeon Overview and Level Annotations

Branches:
Dungeon (8/15)             Temple (0/1) D:7
   Lair: D:8-11

Altars:
Ashenzari
Cheibriados
Dithmenos
Elyvilon
Fedhas
Sif Muna
Trog
Uskayaw
Xom
Zin

Annotations:
D:4 JohnnyMnemonic's ghost, novice HOFi


Innate Abilities, Weirdness & Mutations

Armour fits poorly on your strangely shaped body.


Message History

Aiming: Random Effects (will waste charges)
Press: ? - help, Shift-Dir - straight line, f - orc knight
Aim: an orc knight, wielding a halberd and wearing a plate armour (severely wounded)
The puff of frost misses the orc knight.
The puff of frost hits your ogre.
Your ogre is lightly wounded.
Evoking this partially-identified wand wasted a few charges.
Evoke which item? (* to show all) (? for menu, Esc to quit)
Aiming: Iceblast
Press: ? - help, Shift-Dir - straight line, f/p - orc knight
Aim: an orc knight, wielding a halberd and wearing a plate armour (severely wounded)
The mass of ice explodes!
The iceblast engulfs the orc knight.
The orc knight is severely wounded.
The iceblast engulfs the ogre.
The ogre is moderately wounded.
This wand has 3 charges left.
The orc knight hits you from afar with a halberd!
* * * LOW HITPOINT WARNING * * *
The orc knight hits you from afar with a halberd!
You die...

.##≈...............≈##.##≈......#
^..≈...............≈..^..≈......#
.##≈..........)((..≈##.##≈......#
)#≈≈....#######....≈≈#.#≈≈......#
≈≈≈)....##....##....≈≈≈≈≈.......#
........##...).##...............#
........##'''#oO##..............#
....##).##∩|∩##..#.........(....#
....##.####'####@##)......(.....#
....##.')#...#)'.##.............#
(...##.###.8o###.##(....(.......#
....##.')#:.?#)'.##.......(.....#
....##.#########.##.....(.......#
.....#..##)#)##..#(..(..........#
..)..##..#'#'#..##....(.........#
......##.......##..)(((.........#
≈≈≈....#########(..(≈≈≈≈≈.......#


You could see an orc knight and an ogre (berserk).

Vanquished Creatures
  The ghost of ENesbit the Cleaver, a novice HOMo of Beogh (Bailey)
  Pikel (D:5)
  Duvessa (D:4)
  15 orc warriors
  A slave (D:5)
  An ice beast (D:7)
  A sky beast (D:7)
  A phantom (D:6)
  5 ogres
  A centaur (D:5)
  A big kobold (D:7)
  A bullfrog (D:7)
  Dowan (D:4)
  3 scorpions
  A water moccasin skeleton (D:7)
  5 wights (D:6)
  A howler monkey (D:5)
  A crimson imp (D:5)
  A bullfrog zombie (D:7)
  A centaur zombie (D:7)
  A hound (D:6)
  3 jellies
  2 orc priests (D:7)
  Jessica (D:2)
  4 iguanas
  Terence (D:3)
  3 worker ants (D:7)
  5 orc wizards
  A hound skeleton (D:4)
  2 worker ant zombies (D:7)
  6 gnolls (D:3)
  5 adders
  A shadow imp (D:6)
  2 adder zombies
  5 leopard geckos
  33 orcs
  3 ball pythons
  13 bats
  4 giant cockroaches
  3 goblins
  7 hobgoblins
  9 jackals
  2 quokkas
  8 frilled lizards
  13 kobolds
  13 rats
194 creatures vanquished.

Vanquished Creatures (others)
  A ball python (D:5)
1 creature vanquished.

Grand Total: 195 creatures vanquished

Notes
Turn   | Place    | Note
-------+----------+-------------------------------------------
     0 | D:1      | 910rd the Hill Orc Berserker began the quest for the Orb.
     0 | D:1      | Reached XP level 1. HP: 19/19 MP: 1/1
    61 | D:1      | Reached XP level 2. HP: 6/27 MP: 2/2
   622 | D:1      | Reached XP level 3. HP: 26/33 MP: 3/3
   967 | D:2      | Reached ** piety under Trog
  1114 | D:2      | Reached skill level 5 in Axes
  1122 | D:2      | Reached XP level 4. HP: 36/41 MP: 4/4
  1177 | D:2      | Noticed Jessica
  1193 | D:2      | Killed Jessica
  1360 | D:2      | Found a shattered altar of Ashenzari.
  1607 | D:2      | Found a snail-covered altar of Cheibriados.
  1646 | D:3      | Found a white marble altar of Elyvilon.
  1722 | D:3      | Reached XP level 5. HP: 43/47 MP: 5/5
  2074 | D:3      | Noticed Terence
  2084 | D:3      | Killed Terence
  2084 | D:3      | Reached skill level 6 in Axes
  2138 | D:3      | Reached skill level 5 in Fighting
  2304 | D:3      | Found a faded altar of an unknown god.
  2482 | D:4      | Reached XP level 6. HP: 56/56 MP: 6/6
  2504 | D:4      | Noticed Dowan
  2506 | D:4      | Noticed Duvessa
  2513 | D:4      | HP: 2/84 [Duvessa/short sword of electrocution (19)]
  2516 | D:4      | Killed Duvessa
  2516 | D:4      | Reached skill level 7 in Axes
  2519 | D:4      | Killed Dowan
  2740 | D:4      | Reached *** piety under Trog
  3181 | D:4      | Reached XP level 7. HP: 53/61 MP: 7/7
  3298 | D:4      | Noticed JohnnyMnemonic's ghost (novice HOFi)
  3334 | D:5      | Entered Level 5 of the Dungeon
  3593 | D:5      | Found a shadowy altar of Dithmenos.
  3904 | D:5      | Got a brightly glowing wooden ring
  3905 | D:5      | Identified the ring "Citesaqelu" {*Slow rC+ MR+ Stlth-} (You found it on level 5 of the Dungeon)
  3921 | D:5      | Reached skill level 8 in Axes
  4076 | D:5      | Found a glowing silver altar of Zin.
  4162 | D:5      | Reached skill level 1 in Shields
  4184 | D:5      | Noticed Pikel
  4191 | D:5      | Reached skill level 5 in Armour
  4195 | D:5      | Killed Pikel
  4195 | D:5      | Reached skill level 9 in Axes
  4195 | D:5      | Reached skill level 1 in Slings
  4195 | D:5      | Reached XP level 8. HP: 70/70 MP: 8/8
  4513 | D:6      | Reached skill level 1 in Bows
  4645 | D:6      | Found a bloodstained altar of Trog.
  4645 | D:6      | Found a blossoming altar of Fedhas.
  4646 | D:6      | Found a white marble altar of Elyvilon.
  4773 | D:6      | Reached skill level 10 in Axes
  4773 | D:6      | Reached XP level 9. HP: 56/78 MP: 9/9
  5065 | D:6      | Found a deep blue altar of Sif Muna.
  5520 | D:7      | Found a shimmering altar of Xom.
  5610 | D:7      | Got a twisted trident
  5611 | D:7      | Identified the +10 trident of Bopirrak {vamp, Str+4 Int+5 Stlth+} (You found it on level 7 of the Dungeon)
  5703 | D:7      | Found a hide-covered altar of Uskayaw.
  5827 | D:7      | Reached **** piety under Trog
  5827 | D:7      | Reached skill level 11 in Axes
  5863 | D:7      | Found a staircase to the Ecumenical Temple.
  5972 | D:7      | Gained mutation: Armour fits poorly on your strangely shaped body. [mutagenic meat]
  6285 | D:8      | Found a flagged portal.
  6291 | Bailey   | Entered a bailey
  6321 | Bailey   | Noticed ENesbit's ghost (novice HOMo)
  6339 | Bailey   | Killed ENesbit's ghost
  6339 | Bailey   | Reached XP level 10. HP: 24/89 MP: 10/10
  6754 | Bailey   | Reached skill level 12 in Axes
  7986 | Bailey   | Received a gift from Trog
  8058 | Bailey   | Noticed an orc knight
  8085 | Bailey   | Mangled by an orc knight

Skill      XL: |  1  2  3  4  5  6  7  8  9 10 |
---------------+-------------------------------+-----
Fighting       | 4 5 6 8 |  8.8
Axes           | 5 6 7 9 10 11 12 | 12.6
Armour         | 3 4 6 8 |  8.5
Dodging        | 2 |  2.1
Shields        | 1 2 |  2.0
Slings         | 1 |  1.5
Bows           | 1 3 4 |  4.2
Stealth        | |  0.1

Action                   |  1- 3 |  4- 6 |  7- 9 | 10-12 || total
-------------------------+-------+-------+-------+-------++-------
Melee: Hand axe          |   101 |   244 |   142 |       ||   487
       War axe           |       |       |   128 |    71 ||   199
 Fire: Hunting sling     |       |       |    12 |       ||    12
       Shortbow          |       |       |    36 |    50 ||    86
Invok: Trog's Hand       |       |     3 |     2 |     1 ||     6
       Berserk           |       |     3 |     3 |     2 ||     8
       Brothers in Arms  |       |       |       |     1 ||     1
Evoke: Wand              |       |       |       |     6 ||     6
  Use: Scroll            |       |     1 |     5 |     1 ||     7
       Potion            |       |       |     1 |     5 ||     6
  Eat: Chunk             |     1 |    10 |     5 |       ||    16
       Royal jelly       |       |       |     2 |       ||     2
       Meat ration       |       |       |     1 |     2 ||     3
Armor: Animal skin       |    11 |       |       |       ||    11
       Plate armour      |    73 |   170 |   121 |    25 ||   389
       Crystal plate arm |       |       |       |     3 ||     3
Dodge: Dodged            |    58 |   107 |    78 |    48 ||   291
Block: Buckler           |       |     9 |    14 |    19 ||    42
